 Dungeon Crawl Stone Soup version 0.23.2-40-g277498a001 (webtiles) character file.

Game seed: 13937837175441709705

645037 grus the Conqueror (level 27, -3/300 HPs)
             Began as a Minotaur Fighter on Sept 24, 2019.
             Was the Champion of Okawaru.
             Slain by an Orb Guardian (37 damage)
             ... on level 5 of the Realm of Zot on Oct 4, 2019.
             The game lasted 08:47:44 (62794 turns).

grus the Conqueror (Minotaur Fighter)              Turns: 62794, Time: 08:47:44

Health: -3/300     AC: 36    Str: 34    XL:     27
Magic:  29/29      EV: 13    Int:  9    God:    Okawaru [******]
Gold:   3402       SH: 25    Dex:  8    Spells: 27/30 levels left

rFire    + . .     SeeInvis +   Y - +6 demon whip (vamp)
rCold    + + .     Gourm    .   t - +5 shield {AC+3}
rNeg     + . .     Faith    .   o - +2 plate armour "Solloij" {rC+ MR+ Int+3 Slay+2}
rPois    +         Spirit   .   n - +2 hat {MR+}
rElec    .         Reflect  +   V - scarf {rC+ rF+}
rCorr    .         Harm     .   J - +1 pair of gloves "Efro" {rN+}
MR       +++++                  G - +2 pair of boots {Fly}
Stlth    ..........             E - +3 amulet of reflection
HPRegen  0.60/turn              s - ring "Ahippify" {rPois Str+3 Dex-4 SInv Stlth+}
MPRegen  0.21/turn              e - +5 ring of slaying

@: about to teleport, flying, constricted
A: retaliatory headbutt, horns 2, magic resistance 1, mutation resistance 1,
robust 1, MP-powered wands
}: 3/15 runes: serpentine, barnacled, silver
a: Heroism, Finesse, Renounce Religion, Stop Flying


You were on level 5 of the Realm of Zot.
You worshipped Okawaru.
Okawaru was exalted by your worship.
You were not hungry.

You visited 10 branches of the dungeon, and saw 50 of its levels.
You visited the Abyss 4 times.
You visited 1 bazaar.

You collected 7913 gold pieces.
You spent 4511 gold pieces at shops.

Inventory:

Hand Weapons
 Y - a +6 vampiric demon whip (weapon)
Armour
 n - a +2 hat of magic resistance (worn)
 o - the +2 plate armour "Solloij" (worn) {rC+ MR+ Int+3 Slay+2}
   (You found it on level 4 of the Snake Pit)

   It affects your intelligence (+3).
   It affects your accuracy and damage with ranged weapons and melee attacks
   (+2).
   It protects you from cold.
   It affects your resistance to hostile enchantments.
 t - a +5 shield of protection (worn)
 G - a +2 pair of boots of flying (worn)
 J - the +1 pair of gloves "Efro" (worn) {rN+}
   (You found it on level 3 of the Lair of Beasts)

   It protects you from negative energy.
 V - a scarf of resistance (worn)
Jewellery
 a - the ring "Waxzo" {rF+ MP+9}
   (You took it off a deep elf sorcerer on level 3 of the Elven Halls)

   [ring of magical power]

   It protects you from fire.
   It affects your magic capacity (+9).
 e - a +5 ring of slaying (right hand)
 j - an uncursed ring of positive energy
 s - the ring "Ahippify" (left hand) {rPois Str+3 Dex-4 SInv Stlth+}
   (You bought it in a shop on level 3 of the Snake Pit)

   [ring of see invisible]

   It affects your strength (+3).
   It affects your dexterity (-4).
   It protects you from poison.
   It lets you see invisible.
   It makes you more stealthy.
 E - a +3 amulet of reflection (around neck)
Wands
 q - a wand of random effects (21)
 r - a wand of polymorph (47)
 u - a wand of scattershot (23)
 x - a wand of paralysis (20)
 D - a wand of iceblast (74)
 I - a wand of acid (7)
 L - a wand of disintegration (23)
 M - a wand of digging (16)
 S - a wand of flame (141)
 T - a wand of clouds (6)
 W - a wand of enslavement (19)
Scrolls
 c - a scroll of amnesia
 h - 6 scrolls of fear
 i - 16 scrolls of teleportation
 k - 2 scrolls of silence
 l - 21 scrolls of remove curse
 w - 7 scrolls of brand weapon
 y - 8 scrolls of blinking
 C - 9 scrolls of magic mapping
 F - 24 scrolls of identify
 K - 3 scrolls of holy word
 N - a scroll of enchant armour
 Q - a scroll of fog
 Z - 3 scrolls of summoning
Potions
 b - a potion of berserk rage
 d - 9 potions of might
 g - 4 potions of invisibility
 m - 3 potions of heal wounds
 p - 5 potions of mutation
 v - 2 potions of resistance
 z - 23 potions of curing
 A - 11 potions of haste
 B - 5 potions of agility
 H - 5 potions of cancellation
 P - 2 potions of brilliance
 X - 5 potions of ambrosia
Comestibles
 f - 84 rations
 R - 4 chunks of flesh


   Skills:
 O Level 27 Fighting
 + Level 23.7 Maces & Flails
   Level 12.0 Slings
 O Level 27 Armour
 + Level 16.1 Dodging
 + Level 21.6 Shields
 - Level 2.0 Spellcasting
 - Level 2.0 Summonings
 - Level 10.0 Translocations
 - Level 10.0 Invocations


You had 27 spell levels left.
You knew the following spells:

 Your Spells              Type           Power        Failure   Level  Hunger
a - Blink                 Tloc           N/A          1%          2    ###....
b - Summon Butterflies    Summ           #.......     34%         1    ##.....

Your spell library contained the following spells:

 Spells                   Type           Power        Failure   Level  Hunger
 Apportation              Tloc           ###...       1%          1    ##.....
 Gell's Gravitas          Tloc           ###.......   4%          3    ####...
 Lesser Beckoning         Tloc           ###.......   4%          3    ####...
 Shroud of Golubria       Chrm/Tloc      #.........   16%         2    ###....
 Recall                   Summ/Tloc      N/A          21%         3    ####...
 Portal Projectile        Hex/Tloc       #.....       30%         3    ####...
 Summon Small Mammal      Summ           #...         34%         1    ##.....
 Call Imp                 Summ           #.......     47%         2    ###....
 Animate Skeleton         Necr           N/A          63%         1    ##.....
 Beastly Appendage        Tmut           #.....       63%         1    ##.....
 Corona                   Hex            #......      63%         1    ##.....
 Flame Tongue             Conj/Fire      #....        63%         1    ##.....
 Magic Dart               Conj           #...         63%         1    ##.....
 Pain                     Necr           #...         63%         1    ##.....
 Sandblast                Erth           #.....       63%         1    ##.....
 Call Canine Familiar     Summ           #.......     71%         3    ####...
 Ensorcelled Hibernation  Hex/Ice        #.....       77%         2    ###....
 Passwall                 Tmut/Erth      #.......     77%         2    ###....
 Poisonous Vapours        Pois/Air       #.....       77%         2    ###....
 Searing Ray              Conj           #.....       77%         2    ###....
 Sticks to Snakes         Tmut           #.......     77%         2    ###....
 Throw Flame              Conj/Fire      #.....       77%         2    ###....
 Summon Guardian Golem    Hex/Summ       #.......     85%         3    ####...
 Summon Forest            Summ/Tloc      ##........   88%         5    ######.
 Dispersal                Tloc           ###.......   90%         6    #######
 Confuse                  Hex            #.......     94%         3    ####...
 Conjure Flame            Conj/Fire      #.......     94%         3    ####...
 Dazzling Spray           Conj/Hex       #.....       94%         3    ####...
 Inner Flame              Hex/Fire       #.......     94%         3    ####...
 Ozocubu's Armour         Chrm/Ice       #.......     94%         3    ####...
 Regeneration             Chrm/Necr      #.........   94%         3    ####...
 Spider Form              Tmut/Pois      #.........   94%         3    ####...
 Static Discharge         Conj/Air       #.......     94%         3    ####...
 Stone Arrow              Conj/Erth      #.....       94%         3    ####...
 Tukima's Dance           Hex            #.......     94%         3    ####...
 Vampiric Draining        Necr           #.........   94%         3    ####...
 Summon Ice Beast         Ice/Summ       #.......     99%         4    #####..
 Summon Lightning Spire   Summ/Air       #.......     99%         4    #####..
 Animate Dead             Necr           N/A          100%        4    #####..
 Cause Fear               Hex            #.........   100%        4    #####..
 Ice Form                 Ice/Tmut       #.......     100%        4    #####..
 Petrify                  Tmut/Erth      #.......     100%        4    #####..
 Sticky Flame             Conj/Fire      #.......     100%        4    #####..
 Alistair's Intoxication  Tmut/Pois      #.......     100%        5    ######.
 Aura of Abjuration       Summ           #.........   100%        5    ######.
 Blade Hands              Tmut           #.........   100%        5    ######.
 Bolt of Magma            Conj/Fire/Erth #.........   100%        5    ######.
 Fireball                 Conj/Fire      #.........   100%        5    ######.
 Iskenderun's Battlesphe  Conj/Chrm      #.......     100%        5    ######.
 Lee's Rapid Deconstruct  Erth           #.........   100%        5    ######.
 Lightning Bolt           Conj/Air       #.........   100%        5    ######.
 Metabolic Englaciation   Hex/Ice        #.........   100%        5    ######.
 Silence                  Hex/Air        #.........   100%        5    ######.
 Summon Demon             Summ           #.........   100%        5    ######.
 Summon Mana Viper        Hex/Summ       #.......     100%        5    ######.
 Venom Bolt               Conj/Pois      #.........   100%        5    ######.
 Yara's Violent Unravell  Hex/Tmut       #.........   100%        5    ######.
 Bolt of Cold             Conj/Ice       #.........   100%        6    #######
 Conjure Ball Lightning   Conj/Air       #.........   100%        6    #######
 Deflect Missiles         Chrm/Air       #.........   100%        6    #######
 Freezing Cloud           Conj/Ice/Air   #.........   100%        6    #######
 Invisibility             Hex            #.......     100%        6    #######
 Iron Shot                Conj/Erth      #.........   100%        6    #######
 Ozocubu's Refrigeration  Ice            #.........   100%        6    #######
 Shadow Creatures         Summ           N/A          100%        6    #######
 Simulacrum               Ice/Necr       #.........   100%        6    #######
 Statue Form              Tmut/Erth      #........    100%        6    #######
 Haunt                    Necr/Summ      #.........   100%        7    #######
 Malign Gateway           Summ/Tloc      ##........   100%        7    #######
 Monstrous Menagerie      Summ           #.........   100%        7    #######
 Orb of Destruction       Conj           #.........   100%        7    #######
 Spellforged Servitor     Conj/Summ      #.........   100%        7    #######
 Summon Greater Demon     Summ           #.........   100%        7    #######
 Borgnjor's Revivificati  Necr           #.........   100%        8    #######
 Death's Door             Chrm/Necr      #.........   100%        8    #######
 Discord                  Hex            #.........   100%        8    #######
 Ignition                 Fire           #.........   100%        8    #######
 Infestation              Necr           #.........   100%        8    #######
 Necromutation            Tmut/Necr      #.........   100%        8    #######
 Summon Horrible Things   Summ           #.........   100%        8    #######
 Shatter                  Erth           #.........   100%        9    #######
 Tornado                  Air            #.........   100%        9    #######


Dungeon Overview and Level Annotations

Branches:
Dungeon (15/15)            Temple (1/1) D:5            Lair (6/6) D:8
 Shoals (4/4) Lair:3        Snake (4/4) Lair:4        Slime (0/5) Lair:5
    Orc (2/2) D:9             Elf (3/3) Orc:2        Vaults (5/5) D:14
  Crypt (0/3) Vaults:3     Depths (5/5) D:15            Zot (5/5) Depths:5

Altars:
Ashenzari
Cheibriados
Dithmenos
Elyvilon
Fedhas
Gozag
Hepliaklqana
Kikubaaqudgha
Makhleb
Nemelex Xobeh
Okawaru
Qazlal
Ru
Sif Muna
Trog
Uskayaw
Vehumet
Wu Jian
Xom
Yredelemnul
Zin
The Shining One
Beogh
Jiyva

Shops:
D:6 (   D:13 !   D:15 *   Orc:1 !   Orc:2 %[!(   Elf:2 !   Snake:3 *=
Depths:1 *}=*   Depths:2 *:[*

Portals:
Hell: Depths:1 Depths:2 Depths:3 Depths:4 Depths:5
Abyss: Depths:1 Depths:2 Depths:4 Depths:5
Pandemonium: Depths:3
Ziggurat: Depths:4


Innate Abilities, Weirdness & Mutations

You reflexively headbutt those who attack you in melee.
You have a pair of horns on your head.
You are resistant to hostile enchantments. (MR+)
You are somewhat resistant to further mutation.
You are robust. (+10% HP)
You expend magic power (3 MP) to strengthen your wands.


Message History

The orb of fire glows red.
The bolt of fire misses you. You block the shadow dragon's attack.
The shadow dragon barely misses you.
The shadow dragon claws you but does no damage.
A Killer Klown comes into view. It is wielding a +12 club.
The Orb Guardian hits you.
* * * LOW HITPOINT WARNING * * *
The Orb Guardian closely misses you.
The orb of fire glows deep purple.
Strange energies course through your body.
You feel odd for a moment.
You block the tentacled monstrosity's attack.
The tentacled monstrosity tentacle-slaps you but does no damage. x2
The tentacled monstrosity constricts you.
The shadow dragon barely misses you.
The shadow dragon claws you but does no damage.
The shadow dragon barely misses you.
The tentacled monstrosity's grasp on you weakens, but your attempt to escape fails.
The Orb Guardian hits you!!!
You die...

. .. ..p##▓▓▓▓▓▓▓▓▓▓▓#
.p......^...^...###
.......X^...##....##
....^§*D.....###...#####
.....zX@.....[###.......
^.....XX......# ##......
......y.......# #......
.............:# ##.....
..............# #.....
..............# ##.....
......^......## #......
............## ##......
#.......


You could see an orb of fire, 2 Killer Klowns, a shadow dragon (berserk), a
tentacled monstrosity, a death cob, 3 Orb Guardians and a moth of wrath.

Vanquished Creatures
  Mennas (Vaults:2)
  2 orbs of fire
  6 ancient liches
  Mara (Vaults:2)
  Bai Suzhen (Elf:3)
  Xtahua (Vaults:2)
  3 curse toes
  5 caustic shrikes
  Frederick (Vaults:2)
  A Killer Klown (Zot:3)
  8 golden dragons
  Nikola (Elf:2)
  Jory (Depths:4)
  2 bone dragons
  3 liches
  3 electric golems
  14 tentacled monstrosities
  Jorgrun (D:12)
  Asterion (Vaults:2)
  7 Orb Guardians (Zot:5)
  2 deep elf blademasters (Elf:3)
  4 titans
  2 deep elf master archers (Elf:3)
  6 quicksilver dragons
  A kraken (Shoals:2)
  The ghost of FishyPogo the Thaumaturge, an adept TeSu of Hepliaklqana (Depths:3)
  An ancient champion (Vaults:2)
  8 death cobs
  2 tentacled starspawn
  5 sphinxes
  11 shadow dragons
  3 draconian monks
  11 storm dragons
  Kirke (Lair:5)
  6 tengu reavers
  A daeva (Abyss:3)
  10 nagarajas (Snake:4)
  An azure jelly (shapeshifter) (Depths:1)
  The ghost of mif the Severer, a journeyman MiBe of Trog (Snake:3)
  9 draconian scorchers
  11 fire giants
  3 iron dragons
  3 draconian knights (Zot:3)
  A ghost moth (Zot:3)
  A balrug (Depths:3)
  9 deep elf sorcerers
  12 frost giants
  A ghost moth (shapeshifter) (Vaults:5)
  Louise (Elf:3)
  20 vault wardens
  Aizul (Elf:3)
  4 deep elf elementalists (Elf:3)
  2 cacodemons (Depths:3)
  The ghost of fritzmikael the Thrower, a journeyman MiHu of Cheibriados (Snake:1)
  A draconian stormcaller (Zot:4)
  10 draconian annihilators
  16 ironheart preservers
  4 draconian shifters
  3 vampire knights
  4 war gargoyles
  16 very ugly things
  23 stone giants
  2 spriggan defenders (Depths:2)
  An entropy weaver (Vaults:2)
  5 deep elf demonologists
  9 black draconians
  14 purple draconians
  6 green draconians
  12 deep elf annihilators
  4 red draconians
  10 white draconians
  10 yellow draconians
  7 merfolk javelineers
  6 spark wasps
  2 eidola (Depths:4)
  6 deep elf death magi
  A ragged hierophant (Vaults:4)
  16 ettins
  8 merfolk impalers
  5 deep elf high priests
  A crystal guardian (Vaults:4)
  46 vault guards
  19 yaktaur captains
  16 ogre magi
  The ghost of Betimel the Spear-Bearer, a journeyman MfGl of Okawaru (D:8)
  3 rakshasas
  Harold (D:7)
  11 great orbs of eyes
  11 ice dragons
  6 fire dragons
  2 spriggan air magi
  11 naga warriors
  6 hydras
  2 alligator snapping turtles
  A death knight (D:11)
  4 merfolk avatars
  An anaconda (shapeshifter) (Vaults:5)
  4 merfolk aquamancers
  9 centaur warriors
  A catoblepas (D:14)
  33 dancing weapons
  14 anacondas
  3 satyrs (Shoals:4)
  8 deep troll shamans
  50 two-headed ogres
  4 deep troll earth magi
  4 tengu warriors
  A vampire mage (Depths:3)
  7 shock serpents
  4 thrashing horrors
  3 spriggan berserkers
  9 death yaks
  16 naga sharpshooters
  Sonja (D:10)
  27 deep elf knights
  A soul eater (Depths:4)
  6 salamander mystics
  A hell knight (Depths:5)
  A spectral minotaur (Depths:4)
  3 sun demons
  Nergalle (D:10)
  3 sixfirhies
  6 shadow wraiths
  9 sea snakes
  6 wretched stars
  3 iron trolls
  5 wizards
  26 skeletal warriors
  An unseen horror (D:11)
  12 glowing orange brains
  A spectral anaconda (Depths:4)
  26 deep trolls
  An unseen horror (shapeshifter) (Vaults:4)
  12 naga ritualists
  A spriggan druid (Depths:1)
  2 death drakes
  A flayed ghost (Depths:4)
  8 deep elf archers
  An obsidian statue (Snake:3)
  10 phantasmal warriors
  3 spectral hydras (Depths:4)
  10 large abominations
  2 orange crystal statues (Depths:4)
  A harpy (shapeshifter) (Vaults:2)
  16 ironbrand convokers
  11 orc knights
  20 harpies
  81 deep elf magi
  5 necromancers
  14 mana vipers
  A tengu skeleton (Vaults:3)
  A sphinx zombie (Vaults:5)
  Pikel (D:4)
  2 tengu zombies
  A shining eye (shapeshifter) (Vaults:5)
  2 orc sorcerers
  4 wolf spiders
  2 frost giant zombies
  7 manticores
  41 ugly things
  18 slime creatures
  11 fauns
  A worldbinder (Abyss:3)
  A manticore (shapeshifter) (Vaults:3)
  A moth of wrath (shapeshifter) (Depths:3)
  A stone giant skeleton (D:15)
  7 cyclopes
  2 sphinx skeletons (Vaults:3)
  15 moths of wrath
  15 salamanders
  9 guardian serpents
  18 elephants
  6 merfolk sirens
  3 water nymphs
  2 apocalypse crabs (Abyss:3)
  4 smoke demons (Abyss:3)
  55 black mambas
  2 molten gargoyles (Lair:3)
  15 vault sentinels
  A rust devil (Abyss:3)
  A gargoyle (D:10)
  17 naga magi
  A torpor snail (Lair:4)
  A spiny frog (shapeshifter) (Depths:1)
  8 centaur skeletons
  5 spiny frogs
  An orc skeleton (Vaults:3)
  A spriggan zombie (D:15)
  33 yaktaurs
  7 komodo dragons
  A hellion (Abyss:3)
  A kobold demonologist (D:15)
  5 rime drakes
  An ice devil (Abyss:2)
  2 efreet
  2 spectral merfolk (Depths:4)
  5 freezing wraiths
  2 hellwings (Abyss:3)
  A harpy zombie (Vaults:1)
  A jumping spider (shapeshifter) (Vaults:4)
  14 trolls
  4 ancient zymes
  3 meliai (D:15)
  24 merfolk
  4 polar bears
  A meliai (shapeshifter) (Vaults:5)
  A tengu simulacrum (Vaults:1)
  6 raiju
  16 blink frogs
  8 wind drakes
  A shadow dragon simulacrum (Vaults:5)
  A saltling (Vaults:4)
  8 hornets
  12 hippogriffs
  8 snapping turtles
  A fire giant simulacrum (Vaults:2)
  2 dream sheep (Shoals:3)
  A meliai zombie (D:14)
  A flying skull (Abyss:3)
  A hippogriff (shapeshifter) (Vaults:5)
  A spriggan skeleton (D:15)
  A spriggan (shapeshifter) (Depths:3)
  An ettin skeleton (Vaults:3)
  An ice dragon skeleton (Vaults:1)
  An elf skeleton (Vaults:5)
  2 air elementals
  5 vampires
  23 water elementals
  3 spriggans
  8 shadows
  6 redbacks (Depths:1)
  5 ynoxinuls (Abyss:3)
  2 basilisks
  A fire elemental (Elf:3)
  3 hogs
  14 wraiths
  A fire bat (shapeshifter) (Depths:3)
  2 yaks (shapeshifter)
  10 wyverns
  Grum (D:8)
  A chaos spawn (Abyss:3)
  4 hungry ghosts
  23 yaks
  2 neqoxecs (Abyss:3)
  8 vampire mosquitoes
  A swamp worm (shapeshifter) (Vaults:4)
  10 wargs
  5 acid dragons
  66 nagas
  A soldier ant (D:12)
  A deep troll zombie (Vaults:3)
  9 small abominations
  A water moccasin (shapeshifter) (Depths:1)
  6 hell hounds
  A hydra simulacrum (Depths:4)
  A naga (shapeshifter) (Elf:2)
  10 water moccasins
  9 porcupines
  2 spectral spriggans (Depths:4)
  2 spectral trolls (Depths:4)
  2 eyes of draining
  A sky beast (shapeshifter) (Vaults:5)
  46 orc warriors
  12 ice beasts
  3 black bears
  4 phantoms
  2 necrophages
  5 sky beasts
  47 ogres
  24 wolves
  A centaur (shapeshifter) (Depths:3)
  27 centaurs
  9 crocodiles
  5 big kobolds
  3 human zombies
  22 bullfrogs
  A wyvern zombie (D:13)
  A bullfrog (shapeshifter) (Depths:3)
  A gnoll sergeant (D:8)
  9 human skeletons (Vaults:3)
  3 yaktaur skeletons
  2 earth elementals
  3 scorpions
  A killer bee (shapeshifter) (Depths:3)
  4 spectral nagas (Depths:4)
  5 killer bees (D:10)
  3 spectral centaurs (Depths:4)
  7 wights
  2 howler monkeys
  3 electric eels
  A howler monkey (shapeshifter) (Depths:3)
  2 centaur zombies
  9 starcursed masses (Abyss:3)
  9 crimson imps
  2 human simulacra
  2 quasits
  A wyvern simulacrum (D:14)
  2 bullfrog zombies (D:9)
  11 hounds
  6 lava snakes
  13 jellies
  2 bullfrog skeletons (D:11)
  26 orc wizards
  17 orc priests
  A gnoll shaman (D:4)
  Crazy Yiuf (D:4)
  Ijyb (D:4)
  4 iguanas
  A worker ant (shapeshifter) (Depths:3)
  19 worker ants
  7 hell rats (Lair:6)
  A centaur simulacrum (Depths:4)
  A hound zombie (D:6)
  A hound skeleton (D:8)
  Robin (D:3)
  8 gnolls
  A howler monkey skeleton (D:5)
  A howler monkey zombie (D:5)
  10 adders
  2 river rats (shapeshifter)
  3 shadow imps
  3 white imps
  2 ufetubi
  An ooze (D:9)
  3 worms (D:3)
  An adder zombie (D:5)
  A dart slug (D:2)
  4 leopard geckos
  92 orcs
  2 ball pythons
  4 bats
  4 giant cockroaches
  11 goblins
  A hobgoblin (shapeshifter) (Depths:3)
  4 hobgoblins (D:3)
  A jackal (D:7)
  33 kobolds
  2 quokkas
  A frilled lizard (D:2)
  A quokka zombie (D:7)
  7 rats
  2 crawling corpses (Vaults:5)
  3 plants
  5 starspawn tentacles
  4 tentacles (Shoals:2)
2402 creatures vanquished.

Vanquished Creatures (collateral kills)
  A vault warden (Vaults:5)
1 creature vanquished.

Vanquished Creatures (others)
  A draconian knight (Zot:3)
  A stone giant (Depths:5)
  A yaktaur captain (Vaults:3)
  A thrashing horror (Abyss:3)
  A glowing orange brain (Depths:5)
  A deep elf archer (Vaults:3)
  A deep elf mage (Vaults:5)
  3 yaktaurs
  A saltling (Vaults:4)
  A spatial vortex (Abyss:3)
  A floating eye (Depths:4)
  4 ogres
  A centaur (Depths:1)
  An orc priest (D:6)
  An orc wizard (D:4)
  A shadow imp (D:15)
  13 fungi
  A lurking horror (Abyss:3)
  45 plants
  2 starspawn tentacles
  11 tentacles (Shoals:2)
93 creatures vanquished.

Grand Total: 2496 creatures vanquished

Notes
Turn   | Place    | Note
-------+----------+-------------------------------------------
     0 | D:1      | grus the Minotaur Fighter began the quest for the Orb.
     0 | D:1      | Reached XP level 1. HP: 19/19 MP: 0/0
   382 | D:1      | Reached XP level 2. HP: 27/27 MP: 1/1
   847 | D:2      | Found a white marble altar of Elyvilon.
   850 | D:2      | Found an ornate altar of the Wu Jian Council.
   850 | D:2      | Found a hide-covered altar of Uskayaw.
   878 | D:2      | Found an iron altar of Okawaru.
   900 | D:2      | Found a faded altar of an unknown god.
   967 | D:3      | Noticed Robin
   982 | D:3      | Reached XP level 3. HP: 17/33 MP: 2/2
   994 | D:3      | Killed Robin
  1680 | D:2      | Found a radiant altar of Vehumet.
  1686 | D:2      | Became a worshipper of Warmaster Okawaru
  2001 | D:4      | Noticed a scorpion
  2007 | D:3      | Reached XP level 4. HP: 40/40 MP: 3/3
  2015 | D:3      | Found a hazy altar of Hepliaklqana.
  2346 | D:5      | Entered Level 5 of the Dungeon
  2358 | D:5      | Reached XP level 5. HP: 37/47 MP: 4/4
  2377 | D:5      | Reached skill level 5 in Armour
  2377 | D:5      | Reached skill level 5 in Shields
  2387 | D:5      | Noticed a centaur
  2410 | D:4      | Reached skill level 5 in Fighting
  2432 | D:4      | HP: 2/48 [poisoned by a worker ant]
  2798 | D:4      | Found a shadowy altar of Dithmenos.
  2856 | D:4      | Reached XP level 6. HP: 35/56 MP: 5/5
  2876 | D:4      | Found a shimmering altar of Xom.
  3073 | D:4      | Got a smoking mace
  3101 | D:4      | Noticed Ijyb
  3174 | D:5      | Reached * piety under Okawaru
  3174 | D:5      | HP: 1/56 [gnoll/+0 spear (7)]
  3222 | D:5      | HP: 1/56 [gnoll/+0 spear (4)]
  3563 | D:5      | Found a staircase to the Ecumenical Temple.
  3601 | D:4      | Reached skill level 5 in Maces & Flails
  3601 | D:4      | Reached XP level 7. HP: 59/62 MP: 6/6
  3642 | D:4      | Killed Ijyb
  3723 | D:4      | Noticed Pikel
  3739 | D:4      | Killed Pikel
  3739 | D:4      | Reached ** piety under Okawaru
  3739 | D:4      | Reached XP level 8. HP: 49/71 MP: 4/7
  3764 | D:4      | Found a runed translucent door.
  3765 | D:4      | Noticed Crazy Yiuf
  3774 | D:4      | Killed Crazy Yiuf
  4814 | D:5      | Found a sparkling altar of Nemelex Xobeh.
  5110 | Temple   | Entered the Ecumenical Temple
  5277 | Temple   | Identified the +8 mace "Pubroe" {crush, Str+6 Int+3 Dex+4}
                  | (You found it on level 4 of the Dungeon)
  5830 | D:6      | Found Yleocu's Weapon Emporium.
  6043 | D:6      | Reached XP level 9. HP: 81/81 MP: 5/8
  6235 | D:6      | Reached *** piety under Okawaru
  6331 | D:8      | Noticed a two-headed ogre
  6333 | D:8      | Noticed Grum
  6422 | D:7      | Found a snail-covered altar of Cheibriados.
  6490 | D:7      | Noticed Harold
  6505 | D:7      | Killed Harold
  6609 | D:8      | Reached **** piety under Okawaru
  6614 | D:8      | Reached XP level 10. HP: 75/91 MP: 9/9
  7091 | D:8      | Found a staircase to the Lair.
  7631 | D:8      | Found a staircase to the Lair.
  7774 | D:7      | Killed a two-headed ogre
  7774 | D:7      | Reached ***** piety under Okawaru
  7774 | D:7      | Reached skill level 10 in Fighting
  7774 | D:7      | Reached skill level 10 in Armour
  7774 | D:7      | Reached skill level 10 in Shields
  8024 | D:7      | Reached skill level 10 in Maces & Flails
  8178 | D:8      | Killed Grum
  8178 | D:8      | Reached skill level 1 in Invocations
  8396 | Lair:1   | Entered Level 1 of the Lair of Beasts
  8410 | Lair:1   | Noticed a black mamba
  8415 | Lair:1   | Killed a black mamba
  8421 | Lair:1   | Noticed a seven-headed hydra
  8427 | Lair:1   | Killed a seven-headed hydra
  8427 | Lair:1   | Reached XP level 11. HP: 79/101 MP: 10/12
  8468 | Lair:1   | Found a runed translucent gate.
  8469 | Lair:1   | Found a runed translucent gate.
  8509 | Lair:1   | Found a runed translucent gate.
  8510 | Lair:1   | Noticed Betimel's ghost (journeyman MfGl)
  8950 | Lair:1   | Received a gift from Okawaru
  8985 | Lair:1   | Reached ****** piety under Okawaru
  9107 | Lair:1   | Found a viscous altar of Jiyva.
  9495 | D:8      | Killed Betimel's ghost
  9688 | Lair:1   | Got a smoking bardiche
  9797 | Lair:2   | Noticed a four-headed hydra
  9808 | Lair:2   | Killed a four-headed hydra
  9808 | Lair:2   | Reached skill level 5 in Invocations
  9834 | Lair:2   | Noticed a seven-headed hydra
  9842 | Lair:2   | Killed a seven-headed hydra
 10064 | Lair:3   | Received a gift from Okawaru
 10405 | Lair:3   | Reached XP level 12. HP: 85/110 MP: 12/15
 10639 | Lair:3   | Received a gift from Okawaru
 10671 | Lair:3   | Found a staircase to the Shoals.
 10695 | Lair:3   | Got a pair of dazzling gloves
 10701 | Lair:3   | Identified the +1 pair of gloves "Efro" {rN+} (You found it
                  | on level 3 of the Lair of Beasts)
 10751 | Lair:3   | Received a gift from Okawaru
 11090 | Lair:4   | Found a staircase to the Snake Pit.
 11267 | Lair:5   | Got a slimy ring mail
 11467 | Lair:4   | Found a sacrificial altar of Ru.
 11958 | Lair:4   | Identified the cursed +0 ring mail of Vokeas {rF+ rN+} (You
                  | found it on level 5 of the Lair of Beasts)
 12041 | Lair:5   | Found a staircase to the Slime Pits.
 12042 | Lair:5   | Found a viscous altar of Jiyva.
 12125 | Lair:6   | Entered Level 6 of the Lair of Beasts
 12370 | Lair:5   | Noticed a death yak
 12371 | Lair:5   | Noticed a death yak
 12371 | Lair:5   | Noticed a death yak
 12371 | Lair:5   | Noticed a death yak
 12371 | Lair:5   | Noticed a death yak
 12379 | Lair:5   | Killed a death yak
 12384 | Lair:5   | Killed a death yak
 12384 | Lair:5   | Received a gift from Okawaru
 12384 | Lair:5   | Reached XP level 13. HP: 119/119 MP: 10/18
 12522 | Lair:5   | Noticed Kirke
 13004 | Lair:6   | Got a faintly glowing scale mail
 13031 | Lair:6   | Received a gift from Okawaru
 13520 | Lair:6   | Received a gift from Okawaru
 13997 | Lair:6   | Identified the Grimoire of Destructive Dislocation
 14243 | Lair:6   | Identified the cursed +0 scale mail of Beogh's Fury {rElec
                  | Regen+ MP-9 Dex+4} (You found it on level 6 of the Lair of
                  | Beasts)
 14431 | Lair:5   | Reached XP level 14. HP: 130/130 MP: 19/19
 14461 | Lair:5   | Killed Kirke
 14700 | D:9      | Received a gift from Okawaru
 14763 | D:9      | Found a sparkling altar of Nemelex Xobeh.
 14782 | D:9      | Found a staircase to the Orcish Mines.
 14939 | D:10     | Entered Level 10 of the Dungeon
 14961 | D:9      | Found a sparkling altar of Nemelex Xobeh.
 15038 | D:9      | Found an opulent altar of Gozag.
 15613 | Orc:1    | Entered Level 1 of the Orcish Mines
 15645 | Orc:1    | Found a roughly hewn altar of Beogh.
 15706 | Orc:2    | Entered Level 2 of the Orcish Mines
 15706 | Orc:2    | Found a staircase to the Elven Halls.
 15908 | Orc:1    | Found Qieq's Distillery.
 17309 | Orc:2    | Found Ixaimuog's Distillery.
 17309 | Orc:2    | Found Huatiosm's Armour Emporium.
 17311 | Orc:2    | Found Rishyinkoanu's Food Shoppe.
 17313 | Orc:2    | Found Defozanu's Antique Weapon Boutique.
 17317 | Orc:2    | Bought a potion of heal wounds for 85 gold pieces
 17317 | Orc:2    | Bought 2 potions of curing for 102 gold pieces
 17317 | Orc:2    | Bought a potion of mutation for 136 gold pieces
 17317 | Orc:2    | Bought a potion of heal wounds for 85 gold pieces
 17317 | Orc:2    | Bought a potion of curing for 51 gold pieces
 17318 | Orc:2    | Bought a +4 plate armour of fire resistance for 800 gold
                  | pieces
 17513 | D:10     | Noticed Nergalle
 17522 | D:10     | Killed Nergalle
 17621 | D:10     | Found a runed translucent door.
 17681 | D:10     | Found a roughly hewn altar of Beogh.
 17921 | D:10     | Noticed Sonja
 17924 | D:10     | Killed Sonja
 18101 | D:10     | Reached skill level 15 in Shields
 18136 | D:10     | Reached skill level 15 in Armour
 18169 | D:10     | Reached skill level 15 in Fighting
 18595 | D:11     | Found a viscous altar of Jiyva.
 19355 | D:12     | Received a gift from Okawaru
 19567 | D:12     | Noticed Jorgrun
 19597 | D:12     | Killed Jorgrun
 19597 | D:12     | Reached XP level 15. HP: 125/143 MP: 14/20
 19926 | D:12     | Identified a scroll of acquirement
 20643 | D:13     | Found Wuitz's Distillery.
 20651 | D:13     | Bought a potion of heal wounds for 75 gold pieces
 20651 | D:13     | Bought a potion of curing for 45 gold pieces
 20651 | D:13     | Bought a potion of curing for 45 gold pieces
 21379 | D:14     | Reached skill level 1 in Slings
 21664 | D:14     | Received a gift from Okawaru
 21722 | D:14     | Reached skill level 5 in Slings
 22041 | D:15     | Entered Level 15 of the Dungeon
 22255 | D:14     | Found a gate to the Vaults.
 22659 | D:15     | Found a staircase to the Depths.
 22687 | D:15     | Received a gift from Okawaru
 22949 | D:15     | Received a gift from Okawaru
 23078 | D:15     | Received a gift from Okawaru
 23098 | D:15     | Reached XP level 16. HP: 125/155 MP: 13/21
 23218 | D:15     | Found Naics's Blood Bar.
 23880 | Elf:1    | Entered Level 1 of the Elven Halls
 24212 | Elf:1    | Received a gift from Okawaru
 24353 | Elf:1    | Received a gift from Okawaru
 24770 | Elf:1    | Identified the Compendium of Confrontation
 25090 | Elf:3    | Entered Level 3 of the Elven Halls
 25103 | Elf:2    | Reached skill level 10 in Slings
 25222 | Elf:2    | Found Jiqa's Distillery.
 25246 | Elf:2    | Bought a potion of cancellation for 112 gold pieces
 25257 | Elf:2    | Received a gift from Okawaru
 25260 | Elf:2    | Got an iridescent eveningstar {god gift}
 25279 | Elf:2    | Identified the +0 eveningstar of Sequestration {flame, rC+
                  | Stlth+} (Okawaru gifted it to you on level 2 of the Elven
                  | Halls)
 25669 | Elf:2    | Received a gift from Okawaru
 25672 | Elf:2    | Found a large runed translucent door.
 25672 | Elf:2    | Found a large runed translucent door.
 25697 | Elf:2    | Found a large runed translucent door.
 25697 | Elf:2    | Found a large runed translucent door.
 25864 | Elf:2    | Noticed Nikola
 25902 | Elf:2    | Killed Nikola
 25902 | Elf:2    | Received a gift from Okawaru
 25982 | Elf:2    | Reached XP level 17. HP: 134/165 MP: 20/22
 26242 | Elf:2    | Cast into level 3 of the Abyss (+5 trident of distortion)
 26379 | Abyss:3  | Paralysed by accursed screaming for 1 turns
 26392 | Abyss:3  | Paralysed by accursed screaming for 2 turns
 26476 | Abyss:3  | HP: 6/166 [deep elf sorcerer/damnation (46)]
 26747 | Abyss:3  | Received a gift from Okawaru
 26961 | Elf:2    | Escaped the Abyss
 27529 | Elf:3    | Noticed a deep elf master archer
 27529 | Elf:3    | Noticed a deep elf blademaster
 27552 | Elf:3    | Killed a deep elf blademaster
 27552 | Elf:3    | Received a gift from Okawaru
 27594 | Elf:3    | Killed a deep elf master archer
 27601 | Elf:3    | Cast into level 2 of the Abyss (a deep elf demonologist)
 27673 | Abyss:2  | Received a gift from Okawaru
 27962 | Abyss:2  | Received a gift from Okawaru
 28000 | Elf:3    | Escaped the Abyss
 28009 | Elf:3    | Noticed a deep elf blademaster
 28018 | Elf:3    | Received a gift from Okawaru
 28298 | Elf:3    | Noticed Louise
 28310 | Elf:3    | Cast into level 3 of the Abyss (Louise)
 28310 | Abyss:3  | Found a corrupted altar of Lugonu.
 28474 | Abyss:3  | Noticed a bone dragon
 28497 | Abyss:3  | Killed a bone dragon
 28519 | Abyss:3  | Paralysed by accursed screaming for 1 turns
 28584 | Abyss:3  | Received a gift from Okawaru
 28736 | Elf:3    | Escaped the Abyss
 28753 | Elf:3    | Killed Louise
 28915 | Elf:3    | Received a gift from Okawaru
 28932 | Elf:3    | Noticed Bai Suzhen
 28958 | Elf:3    | Killed Bai Suzhen
 28958 | Elf:3    | Reached XP level 18. HP: 164/178 MP: 16/23
 29097 | Elf:3    | Noticed Aizul
 29110 | Elf:3    | Identified the +9 great sword of the Warrior {freeze, MR+}
 29142 | Elf:3    | Killed Aizul
 29254 | Elf:3    | Received a gift from Okawaru
 29644 | Elf:3    | Received a gift from Okawaru
 29907 | Elf:3    | Received a gift from Okawaru
 30055 | Elf:3    | Identified Sif Muna's Disquisition on Dusty Fire
 30078 | Elf:3    | Received a gift from Okawaru
 30113 | Elf:3    | Identified Ridwimn's Compendium of Aid and the Birds
 30144 | Elf:3    | Got a pair of bloodstained boots
 30177 | Elf:3    | Identified the +2 pair of boots "Pihusch" {-Tele rCorr
                  | Str-2 Int+3} (You found it on level 3 of the Elven Halls)
 30294 | Elf:3    | Identified the ring "Waxzo" {rF+ MP+9}
 30812 | Shoals:1 | Entered Level 1 of the Shoals
 30920 | Shoals:1 | Got a spiked chain mail
 30979 | Shoals:1 | Identified the cursed +0 chain mail "Zaleas" {rC+ rN+} (You
                  | found it on level 1 of the Shoals)
 30998 | Shoals:1 | Found a sparkling altar of Nemelex Xobeh.
 31128 | Shoals:1 | Received a gift from Okawaru
 31929 | Shoals:2 | Received a gift from Okawaru
 32493 | Shoals:4 | Entered Level 4 of the Shoals
 33226 | Shoals:4 | Received a gift from Okawaru
 33316 | Shoals:4 | Reached XP level 19. HP: 168/191 MP: 24/24
 33346 | Shoals:4 | Received a gift from Okawaru
 33732 | Shoals:4 | Got a barnacled rune of Zot
 33921 | Shoals:4 | Received a gift from Okawaru
 34225 | Shoals:4 | Received a gift from Okawaru
 34636 | Snake:1  | Entered Level 1 of the Snake Pit
 34669 | Snake:1  | Received a gift from Okawaru
 35099 | Snake:1  | Received a gift from Okawaru
 35512 | Snake:1  | Found a large runed translucent door.
 35512 | Snake:1  | Found a large runed translucent door.
 35513 | Snake:1  | Noticed fritzmikael's ghost (journeyman MiHu)
 35559 | Snake:1  | Killed fritzmikael's ghost
 36581 | Snake:3  | Found Hajegy's Jewellery Emporium.
 36643 | Snake:4  | Entered Level 4 of the Snake Pit
 36648 | Snake:3  | Bought the ring "Ahippify" {rPois Str+3 Dex-4 SInv Stlth+}
                  | for 403 gold pieces
 36691 | Snake:3  | Received a gift from Okawaru
 36760 | Snake:4  | Got a polished plate armour
 36774 | Snake:3  | Identified the +2 plate armour "Solloij" {rC+ MR+ Int+3
                  | Slay+2} (You found it on level 4 of the Snake Pit)
 36857 | Snake:3  | Found a runed translucent gate.
 36857 | Snake:3  | Found a runed translucent gate.
 36857 | Snake:3  | Found an opulent altar of Gozag.
 36857 | Snake:3  | Found a runed translucent gate.
 36858 | Snake:3  | Noticed mif's ghost (journeyman MiBe)
 36859 | Snake:3  | Found Nuhont's Assorted Antiques.
 37072 | Snake:3  | Received a gift from Okawaru
 37229 | Snake:3  | Killed mif's ghost
 37282 | Snake:3  | Reached XP level 20. HP: 190/204 MP: 25/25
 37326 | Snake:3  | Bought 2 amethyst potions for 73 gold pieces
 38395 | Snake:4  | Received a gift from Okawaru
 38887 | Snake:4  | Got a serpentine rune of Zot
 39751 | Vaults:1 | Entered Level 1 of the Vaults
 39850 | Vaults:1 | Found a radiant altar of Vehumet.
 40114 | Vaults:1 | Found a flickering gateway to a bazaar.
 40139 | Bazaar   | Entered a bazaar
 40143 | Bazaar   | Found Zaqoal's Antique Weapon Boutique.
 40164 | Bazaar   | Found Imexzoc's Food Emporium.
 40182 | Bazaar   | Found Fulav's Book Boutique.
 40201 | Bazaar   | Found Yntabb's Antique Armour Shoppe.
 40331 | Vaults:1 | Cast into level 2 of the Abyss (a wizard)
 40331 | Abyss:2  | Found a corrupted altar of Lugonu.
 40444 | Vaults:1 | Escaped the Abyss
 40733 | Vaults:1 | Got a scorched great mace
 40734 | Vaults:1 | Identified the +4 great mace "Murmur" {flame, +Blink rPois
                  | Str+3} (You found it on level 1 of the Vaults)
 41075 | Vaults:1 | Received a gift from Okawaru
 41092 | Vaults:1 | Got a fine hat {god gift}
 41103 | Vaults:1 | Identified the +5 hat "Dievepha" {MP+9} (Okawaru gifted it
                  | to you on level 1 of the Vaults)
 41724 | Vaults:2 | Reached skill level 10 in Invocations
 41739 | Vaults:2 | Reached XP level 21. HP: 215/215 MP: 27/27
 42026 | Vaults:2 | Noticed Xtahua
 42042 | Vaults:2 | Killed Xtahua
 42449 | Vaults:2 | Noticed Frederick
 42465 | Vaults:2 | Killed Frederick
 42478 | Vaults:2 | Noticed Asterion
 42505 | Vaults:2 | Killed Asterion
 42639 | Vaults:2 | Noticed Mara
 42646 | Vaults:2 | Noticed grus's illusion
 42664 | Vaults:2 | Killed Mara
 42664 | Vaults:2 | Received a gift from Okawaru
 43121 | Vaults:3 | Noticed Mennas
 43179 | Vaults:2 | Killed Mennas
 43179 | Vaults:2 | Received a gift from Okawaru
 44145 | Vaults:3 | Reached XP level 22. HP: 202/228 MP: 28/28
 44787 | Vaults:3 | Received a gift from Okawaru
 44818 | Vaults:3 | Found a staircase to the Crypt.
 45106 | Vaults:4 | Received a gift from Okawaru
 45488 | Vaults:4 | Reached skill level 27 in Fighting
 46226 | Vaults:5 | Entered Level 5 of the Vaults
 46538 | Vaults:5 | Paralysed by a floating eye for 2 turns
 46576 | Vaults:4 | Received a gift from Okawaru
 46833 | Vaults:5 | Got a heavily runed bone amulet
 46836 | Vaults:5 | Identified the amulet of Symmetry {Spirit rPois} (You found
                  | it on level 5 of the Vaults)
 46856 | Vaults:5 | Reached skill level 15 in Maces & Flails
 46912 | Vaults:5 | Reached XP level 23. HP: 236/240 MP: 10/29
 47015 | Vaults:5 | Reached skill level 27 in Armour
 47018 | Vaults:5 | Noticed an ancient lich
 47030 | Vaults:5 | HP: 4/240 [stone giant (18)]
 47034 | Vaults:5 | Noticed an ancient lich
 47117 | Vaults:5 | Killed an ancient lich
 47153 | Vaults:5 | Reached skill level 1 in Dodging
 47163 | Vaults:5 | HP: 12/240 [lich/crystal spear (32)]
 47644 | Vaults:5 | Killed an ancient lich
 47675 | Vaults:5 | Got a crystal hand crossbow
 47676 | Vaults:5 | Identified the cursed +1 hand crossbow "Plog" {freeze,
                  | +Blink rElec rF- Stlth+} (You found it on level 5 of the
                  | Vaults)
 47795 | Vaults:5 | Identified the Reference Book on the Arsonist and the
                  | Voyage
 47866 | Vaults:5 | Received a gift from Okawaru
 47892 | Vaults:5 | Noticed an ancient lich
 48291 | Vaults:5 | Killed an ancient lich
 48291 | Vaults:5 | Received a gift from Okawaru
 48293 | Vaults:5 | Received a gift from Okawaru
 48322 | Vaults:5 | Reached skill level 5 in Dodging
 48348 | Vaults:5 | Identified the cursed +0 shield of Urol {rElec rPois rN+
                  | Str+2}
 48408 | Vaults:5 | Received a gift from Okawaru
 48496 | Vaults:5 | Received a gift from Okawaru
 48868 | Vaults:5 | Identified the Catalogue of the Dusty Volcanoes
 48975 | Vaults:5 | Reached XP level 24. HP: 249/249 MP: 29/29
 49168 | Vaults:5 | Got a silver rune of Zot
 49714 | Depths:1 | Entered Level 1 of the Depths
 49757 | Depths:1 | Found Gyx Yss's Jewellery Shoppe.
 49762 | Depths:1 | Found Fuppo's General Store.
 49765 | Depths:1 | Bought a +5 ring of slaying for 2160 gold pieces
 49961 | Depths:1 | Found Qemukou's Gadget Shoppe.
 50226 | Depths:1 | Found Lont's Demolitions Depot.
 50576 | Depths:1 | Received a gift from Okawaru
 50757 | Depths:1 | Found a gateway to Hell.
 50780 | Depths:1 | Found a one-way gate to the infinite horrors of the Abyss.
 51042 | Depths:2 | Found Evusmesh's General Store.
 51043 | Depths:2 | Found Ariaqes's Armour Boutique.
 51043 | Depths:2 | Found Conum's Book Shop.
 51048 | Depths:2 | Bought a scroll of teleportation for 63 gold pieces
 51048 | Depths:2 | Found Herewil's General Store.
 51057 | Depths:2 | Bought a scroll of summoning for 228 gold pieces
 51057 | Depths:2 | Bought a scroll of identify for 48 gold pieces
 51089 | Depths:2 | Received a gift from Okawaru
 51176 | Depths:3 | Found a one-way gate leading to the halls of Pandemonium.
 51422 | Depths:2 | Found a shattered altar of Ashenzari.
 51611 | Depths:2 | Found the +3 Elemental Staff {rElec rF++ rC++ MR++ AC+5}
 51906 | Depths:2 | Learned a level 2 spell: Blink
 51961 | Depths:3 | Reached skill level 1 in Translocations
 52275 | Depths:3 | Received a gift from Okawaru
 52464 | Depths:3 | Got a shimmering ring mail
 52475 | Depths:3 | Identified the cursed +1 ring mail "Kynoy" {rPois MR-
                  | Regen+ Dex-3} (You found it on level 3 of the Depths)
 52509 | Depths:3 | Found a runed translucent gate.
 52509 | Depths:3 | Found a runed translucent gate.
 52509 | Depths:3 | Found a runed translucent gate.
 52548 | Depths:3 | Reached skill level 5 in Translocations
 52586 | Depths:3 | Lost intelligence.
 52629 | Depths:3 | Reached XP level 25. HP: 132/257 MP: 29/29
 52680 | Depths:3 | Lost intelligence.
 53720 | Depths:3 | Found a runed translucent gate.
 53720 | Depths:3 | Found a runed translucent gate.
 53724 | Depths:3 | Found a runed translucent gate.
 53725 | Depths:3 | Noticed FishyPogo's ghost (adept TeSu)
 54269 | Depths:3 | Killed FishyPogo's ghost
 54398 | Depths:5 | Entered Level 5 of the Depths
 54507 | Depths:4 | Reached skill level 10 in Dodging
 54679 | Depths:4 | Found the +7 Kryia's mail coat {PotionHeal*2 rC+}
 54709 | Depths:4 | Identified the +2 morningstar "Olahudia" {drain, rC+ Int+7}
 54735 | Depths:4 | Received a gift from Okawaru
 54788 | Depths:4 | Got a fine morningstar {god gift}
 54853 | Depths:4 | Noticed Jory
 54868 | Depths:4 | Killed Jory
 54882 | Depths:4 | Learned a level 1 spell: Summon Butterflies
 55189 | Depths:4 | Reached skill level 1 in Summonings
 55216 | Depths:4 | Noticed an ancient lich
 55236 | Depths:4 | Killed an ancient lich
 55236 | Depths:4 | Reached skill level 1 in Spellcasting
 55385 | Depths:4 | Found a gateway to a ziggurat.
 55386 | Depths:4 | Paralysed by a floating eye for 2 turns
 55397 | Depths:4 | Paralysed by a floating eye for 3 turns
 55409 | Depths:4 | Paralysed by a floating eye for 2 turns
 55792 | Depths:5 | Received a gift from Okawaru
 56185 | Depths:5 | Found a gate to the Realm of Zot.
 56257 | Depths:5 | Received a gift from Okawaru
 56304 | Depths:5 | Reached skill level 10 in Translocations
 56756 | Depths:5 | Reached XP level 26. HP: 235/263 MP: 29/29
 57210 | Zot:1    | Entered Level 1 of the Realm of Zot
 58592 | Zot:2    | Received a gift from Okawaru
 59229 | Zot:3    | Received a gift from Okawaru
 59737 | Zot:3    | Noticed an orb of fire
 59749 | Zot:3    | Gained mutation: Your magical capacity is low. (-10% MP)
                  | [an orb of fire]
 59751 | Zot:3    | Gained mutation: You do not regenerate when monsters are
                  | visible. [an orb of fire]
 59753 | Zot:3    | Killed an orb of fire
 59771 | Zot:3    | Noticed an ancient lich
 59794 | Zot:3    | Killed an ancient lich
 59827 | Zot:3    | Received a gift from Okawaru
 59964 | Zot:3    | HP: 8/263 [black draconian monk/bolt of lightning (14)]
 60132 | Zot:3    | Reached XP level 27. HP: 171/273 MP: 26/26
 61004 | Zot:4    | Reached skill level 15 in Dodging
 61454 | Zot:4    | Noticed an orb of fire
 61459 | Zot:4    | Gained mutation: Armour fits poorly on your strangely
                  | shaped body. [an orb of fire]
 61463 | Zot:4    | Lost mutation: You do not regenerate when monsters are
                  | visible. [an orb of fire]
 61477 | Zot:4    | Killed an orb of fire
 61700 | Depths:4 | Lost mutation: Armour fits poorly on your strangely shaped
                  | body. [potion of mutation]
 61700 | Depths:4 | Lost mutation: Your magical capacity is low. (-10% MP)
                  | [potion of mutation]
 61700 | Depths:4 | Gained mutation: You expend magic power (3 MP) to
                  | strengthen your wands. [potion of mutation]
 61700 | Depths:4 | Gained mutation: You are robust. (+10% HP) [potion of
                  | mutation]
 61700 | Depths:4 | Gained mutation: You are resistant to hostile enchantments.
                  | (MR+) [potion of mutation]
 61700 | Depths:4 | Gained mutation: You are somewhat resistant to further
                  | mutation. [potion of mutation]
 62254 | Zot:5    | Entered Level 5 of the Realm of Zot
 62438 | Zot:5    | Received a gift from Okawaru
 62626 | Zot:5    | Received a gift from Okawaru
 62777 | Zot:5    | Noticed an ancient lich
 62782 | Zot:5    | Noticed an orb of fire
 62788 | Zot:5    | Killed an ancient lich
 62788 | Zot:5    | Paralysed by the power of Zot for 3 turns
 62794 | Zot:5    | Slain by an Orb Guardian

Skill      XL: |  1  2  3  4  5  6  7  8  9 10 11 12 13 14 15 16 17 18 19 20 21 22 23 24 25 26 27 |
---------------+----------------------------------------------------------------------------------+-----
Armour         | 4 5 6 8 9 10 11 12 14 15 17 18 20 21 23 24 25 26 27 | 27.0
Fighting       | 4 5 6 7 9 10 11 12 13 15 17 18 20 21 23 24 26 27 | 27.0
Shields        | 4 5 6 8 9 10 11 12 14 15 16 17 18 20 21 | 21.6
Maces & Flails | 3 4 5 6 7 9 10 11 12 13 14 15 18 20 21 22 23 | 23.7
Invocations    | 2 6 8 10 | 10.0
Slings         | 7 12 | 12.0
Dodging        | 6 9 11 14 16 | 16.1
Translocations | 6 10 | 10.0
Summonings     | 2 |  2.0
Spellcasting   | 2 |  2.0

Action                   |  1- 3 |  4- 6 |  7- 9 | 10-12 | 13-15 | 16-18 | 19-21 | 22-24 | 25-27 || total
-------------------------+-------+-------+-------+-------+-------+-------+-------+-------+-------++-------
Melee: Flail             |    90 |    74 |       |       |       |       |       |       |       ||   164
       Headbutt          |    18 |    27 |    45 |   136 |   400 |   472 |   718 |   696 |   608 ||  3120
       Whip              |       |    37 |    77 |       |       |       |       |       |       ||   114
       Mace              |       |       |   119 |   434 |  1305 |    47 |       |       |       ||  1905
       Demon whip        |       |       |       |       |       |  1831 |  2653 |  2224 |  1817 ||  8525
 Fire: Hunting sling     |       |       |       |       |     3 |       |       |       |       ||     3
Throw: Tomahawk          |       |       |       |       |     2 |       |       |       |       ||     2
 Cast: Blink             |       |       |       |       |       |       |       |       |    14 ||    14
Invok: Heroism           |       |       |     7 |    18 |    36 |    40 |    31 |    13 |     8 ||   153
       Finesse           |       |       |       |     5 |    25 |    24 |    18 |    10 |     8 ||    90
Evoke: Wand              |       |     4 |       |       |     6 |     2 |       |       |       ||    12
  Use: Scroll            |       |       |    14 |     7 |    10 |    14 |     9 |    12 |    13 ||    79
       Potion            |       |       |     1 |       |     9 |     5 |     4 |     6 |     4 ||    29
 Stab: Paralysed         |       |       |       |       |       |     3 |       |       |       ||     3
       Sleeping          |       |       |       |       |       |     1 |       |       |       ||     1
       Distracted        |       |       |       |       |       |       |       |       |     1 ||     1
  Eat: Chunk             |     3 |     5 |    10 |    15 |    29 |    25 |    19 |    25 |    20 ||   151
       Ration            |       |       |       |     1 |     2 |     4 |     5 |     1 |     5 ||    18
Armor: Scale mail        |    41 |    35 |    19 |       |       |       |       |       |       ||    95
       Plate armour      |       |       |    21 |       |   202 |   557 |   789 |   796 |   492 ||  2857
       Chain mail        |       |       |     1 |   130 |   146 |       |       |       |       ||   277
Dodge: Dodged            |    32 |    42 |    54 |   136 |   264 |   258 |   444 |   463 |   407 ||  2100
Block: Shield            |    54 |    49 |   150 |   291 |   698 |   741 |  1368 |  1340 |  1032 ||  5723
       Reflection        |       |       |       |       |       |       |    33 |    69 |    22 ||   124
